 Dungeon Crawl Stone Soup version 0.26.0-15-gc6cd9f700b (webtiles) character file.

Game seed: 10744993852760702130

576 HeHawThorn the Magician (level 7, -3/36 HPs)
             Began as a Deep Elf Venom Mage on Jan 16, 2021.
             Slain by a bullfrog zombie (5 damage)
             ... on level 5 of the Dungeon on Jan 17, 2021.
             The game lasted 00:33:24 (4851 turns).

HeHawThorn the Magician (Deep Elf Venom Mage)       Turns: 4851, Time: 00:33:25

Health: -3/36      AC:  3    Str: 11    XL:     7   Next: 13%
Magic:  18/18      EV:  9    Int: 22    God:
Gold:   166        SH:  0    Dex: 15    Spells: 12/18 levels left

rFire    . . .     SeeInvis .   g - +0 short sword
rCold    . . .     Faith    .   (no shield)
rNeg     . . .     Spirit   .   k - +0 scale mail
rPois    .         Reflect  .   (no helmet)
rElec    .         Harm     .   q - +0 cloak
rCorr    .         Rampage  .   (no gloves)
Will     .....                  (no boots)
Stlth    +.........             (no amulet)
HPRegen  0.12/turn              e - +6 ring of strength
MPRegen  0.16/turn              f - ring of wizardry

@: corroded, flying
A: no striking features
a: no special abilities


You were on level 5 of the Dungeon.
You visited 1 branch of the dungeon, and saw 5 of its levels.

You collected 166 gold pieces.

Inventory:

Hand Weapons
 g - a +0 short sword (weapon)
Armour
 k - a +0 scale mail (worn)
 q - a +0 cloak (worn)
Jewellery
 e - a +6 ring of strength (left hand)
 f - a ring of wizardry (right hand)
Wands
 i - a wand of paralysis (11)
 m - a wand of digging (2)
Scrolls
 a - 2 scrolls of amnesia {unknown}
 b - a scroll of teleportation {unknown}
 h - 3 scrolls of enchant armour
 j - a scroll of remove curse {unknown}
 l - 2 scrolls of fog {unknown}
 o - 2 scrolls of noise
 r - a scroll of identify
Potions
 c - 4 potions of attraction
 p - a potion of curing {unknown}
 s - a potion of cancellation {unknown}


   Skills:
 * Level 3.9 Short Blades
 - Level 2.4 Dodging
 + Level 2.4 Stealth
 - Level 0.1 Unarmed Combat
 - Level 6.3 Spellcasting
 - Level 1.1 Transmutations
 - Level 6.1 Poison Magic


You had 12 spell levels left.
You knew the following spells:

 Your Spells              Type           Power        Failure   Level
a - Sting                 Tmut/Pois      88%          5%          1
b - Poisonous Vapours     Pois/Air       40%          10%         2
c - Ignite Poison         Fire/Tmut/Pois 17%          26%         3

Your spell library contained the following spells:

 Spells                   Type           Power        Failure   Level
 Olgreb's Toxic Radiance  Pois           33%          17%         4
 Mephitic Cloud           Conj/Pois/Air  15%          28%         3


Dungeon Overview and Level Annotations

Branches:
Dungeon (5/15)
 Temple: D:4-7

Altars:
Vehumet
Yredelemnul


Message History

The bullfrog zombie is moderately damaged.
The bullfrog zombie hits you but does no damage.
You hit the bullfrog zombie.
The bullfrog zombie is heavily damaged.
The bullfrog zombie hits you.
The bullfrog zombie hits you but does no damage.
You barely miss the bullfrog zombie.
The bullfrog zombie is heavily damaged.
The bullfrog zombie barely misses you.
You barely miss the bullfrog zombie.
The bullfrog zombie is heavily damaged.
You hit the jelly. The acid corrodes you!
Your hands burn!
The jelly is severely wounded.
You hit the jelly but do no damage.
Your hands burn!
The jelly is severely wounded.
The jelly hits you.
You are splashed with acid!
* * * LOW HITPOINT WARNING * * *
The jelly closely misses you. The bullfrog zombie hits you.
You die...

####### #.....#
#.....# #.....# ###
#.....###.# ####
#######.(...#...#
#..#
#....>.....#..#.#
#..#
#...<........##@#
#...
##...........###Z##
#.#Z .#..........##
#..# #?#.
............# ##J##
#Z## ##......>####
#..## #.#
#.......## ##..##
### #.# #......##
##..# #.# #.#
......## ##.###.#
#.# ..#.#.# #.##..#
#.#


You could see a jelly and a bullfrog zombie.

Vanquished Creatures
  Menkaure (D:5)
  A centaur (D:5)
  A scorpion (D:4)
  A centaur zombie (D:4)
  A hound (D:2)
  Crazy Yiuf (D:3)
  A worker ant (D:4)
  Ijyb (D:3)
  A hound zombie (D:2)
  A hound skeleton (D:4)
  5 gnolls
  4 adders
  2 oozes
  An adder zombie (D:5)
  3 worms
  6 orcs
  2 giant cockroaches (D:3)
  9 goblins
  4 hobgoblins
  6 kobolds
  2 quokkas
  A ball python (D:4)
  4 bats
  7 frilled lizards
  A quokka zombie (D:5)
  6 rats
73 creatures vanquished.

Vanquished Creatures (others)
  3 fungi (D:3)
  9 plants (D:1)
12 creatures vanquished.

Grand Total: 85 creatures vanquished

Notes
Turn   | Place    | Note
-------+----------+-------------------------------------------
     0 | D:1      | HeHawThorn the Deep Elf Venom Mage began the quest for the
                  | Orb.
     0 | D:1      | Reached XP level 1. HP: 10/10 MP: 6/6
    98 | D:1      | Reached XP level 2. HP: 6/15 MP: 1/9
   552 | D:1      | Learned a level 2 spell: Poisonous Vapours
   658 | D:1      | Reached XP level 3. HP: 19/19 MP: 7/11
   783 | D:1      | Reached skill level 5 in Spellcasting
  1346 | D:2      | Reached XP level 4. HP: 24/24 MP: 1/14
  1356 | D:2      | Learned a level 3 spell: Ignite Poison
  2479 | D:3      | Reached skill level 1 in Short Blades
  2558 | D:3      | Found a basalt altar of Yredelemnul.
  2617 | D:3      | Noticed Ijyb
  2621 | D:3      | Killed Ijyb
  2622 | D:3      | Reached XP level 5. HP: 28/28 MP: 5/15
  3354 | D:3      | Found a runed translucent door.
  3355 | D:3      | Noticed Crazy Yiuf
  3556 | D:3      | Killed Crazy Yiuf
  3948 | D:4      | Reached XP level 6. HP: 23/32 MP: 6/17
  3959 | D:4      | Reached skill level 5 in Poison Magic
  4514 | D:5      | Entered Level 5 of the Dungeon
  4581 | D:5      | Noticed Menkaure
  4591 | D:5      | Killed Menkaure
  4662 | D:5      | Reached XP level 7. HP: 23/36 MP: 7/18
  4813 | D:5      | Found a radiant altar of Vehumet.
  4844 | D:5      | HP: 1/36 [acid (10)]
  4851 | D:5      | Slain by a bullfrog zombie

Illustrated notes

Levels and vault maps discovered:
D:1:      evilmike_arrival_plus, layout_basic, st_stairs_14,
          serial_bayou_lagoon_a
D:2:      layout_rooms
D:3:      layout_loops_ring, lemuel_doored_altar, uniq_ijyb,
          uniq_crazy_yiuf_cottage
D:4:      layout_rooms
D:5:      old_forge, layout_rooms, lemuel_round_altar, grunt_decor_fettered,
          minmay_manual_monstrance, uniq_menkaure

Skill      XL: |  1  2  3  4  5  6 |
---------------+-------------------+-----
Spellcasting   | 4 6 |  6.3
Short Blades   | 1 2 3 |  3.9
Poison Magic   | 4 6 |  6.1
Dodging        | |  2.4
Stealth        | |  2.4
Unarmed Combat | |  0.1
Transmutations | |  1.1

Action                   |  1- 3 |  4- 6 |  7- 9 || total
-------------------------+-------+-------+-------++-------
Melee: Unarmed           |     3 |    26 |       ||    29
       Short sword       |       |    56 |    15 ||    71
 Cast: Sting             |    45 |    42 |     1 ||    88
       Poisonous Vapours |    11 |    49 |     2 ||    62
       Ignite Poison     |       |     5 |       ||     5
Evoke: Wand              |       |     1 |       ||     1
  Use: Scroll            |     2 |     5 |       ||     7
       Potion            |       |       |     2 ||     2
 Stab: Paralysed         |       |     2 |       ||     2
Armor: Robe              |     4 |     7 |       ||    11
       Scale mail        |       |    32 |    10 ||    42
       Leather armour    |       |     1 |       ||     1
Dodge: Dodged            |    18 |    51 |    10 ||    79
